 Dungeon Crawl Stone Soup version 1.0-4-g475eb36 (webtiles) character file.

70852 Degenerate the Summoner (level 14, -2/110 HPs)
             Began as a Demigod Wanderer on June 21, 2018.
             Slain by a soul eater (7 damage)
             ... summoned by an orc high priest
             ... on level 2 of the Orcish Mines.
             The game lasted 03:56:03 (37005 turns).

Degenerate the Summoner (Demigod Wanderer)         Turns: 37005, Time: 03:56:05

Health: -2/110     AC: 12    Str: 15    XL:     14   Next: 95%
Magic:  32/33      EV: 15    Int: 24    God:    [*****.]
Gold:   1818       SH: 10    Dex: 14    Spells: 4/27 levels left

rFire    + . .     SeeInvis .   M - +8 falchion "Fiadysan" {venom, rC+ rN+}
rCold    + . .     Gourm    .   Y - +0 buckler
rNeg     + + +     Faith    .   Q - +1 leather armour of Enasch {*Contam rF+ rN++ Dex+3}
rPois    +         Spirit   .   E - +0 helmet
rElec    .         Reflect  +   O - +1 cloak
rCorr    .         Harm     .   V - +2 pair of gloves of Dinav {rPois}
MR       +....                  n - +0 pair of boots
Stlth    +.........             r - +5 amulet of reflection
HPRegen  0.28/turn              c - ring of magical power
MPRegen  0.23/turn              s - +5 ring of slaying

@: no status effects
A: divine derivation
a: Trog's Hand, Shadow Form


You were on level 2 of the Orcish Mines.
You worshipped . was extremely pleased with you.
You were not hungry.

You visited 3 branches of the dungeon, and saw 22 of its levels.
You visited the Abyss 1 time.
You also visited: Labyrinth and Ossuary.

You collected 2630 gold pieces.
You spent 812 gold pieces at shops.

Inventory:

Hand Weapons
 M - the +8 falchion "Fiadysan" (weapon) {venom, rC+ rN+}
   (You bought it in a shop on level 7 of the Dungeon)

   It poisons the flesh of those it strikes.
   It protects you from cold.
   It protects you from negative energy.
Missiles
 d - 8 curare-tipped needles
 g - 581 arrows
 K - 4 throwing nets (quivered)
 W - 7 needles of sleeping
Armour
 n - a +0 pair of boots (worn)
 E - a +0 helmet (worn)
 O - a +1 cloak (worn)
 Q - the +1 leather armour of Enasch (worn) {*Contam rF+ rN++ Dex+3}
   (You found it on level 12 of the Dungeon)

   It affects your dexterity (+3).
   It protects you from fire.
   It greatly protects you from negative energy.
   It causes magical contamination when unequipped.
 V - the +2 pair of gloves of Dinav (worn) {rPois}
   (You bought it in a shop on level 6 of the Dungeon)

   It protects you from poison.
 Y - a +0 buckler (worn)
Magical Staves
 B - an uncursed staff of power
Jewellery
 c - a ring of magical power (left hand)
 o - an uncursed ring of wizardry
 r - a +5 amulet of reflection (around neck)
 s - a +5 ring of slaying (right hand)
 v - an uncursed ring of resist corrosion
 w - a +5 ring of evasion
 U - an uncursed ring of flight
Wands
 j - a wand of disintegration (6)
 t - a wand of digging (8)
 C - a wand of paralysis (27)
 P - a wand of clouds (3)
 Z - a wand of iceblast (4)
Scrolls
 b - 6 scrolls of teleportation
 h - 10 scrolls of remove curse
 k - 4 scrolls of fear
 l - a scroll of silence {unknown}
 p - 3 scrolls of enchant weapon
 q - a scroll of fog {unknown}
 u - a scroll of vulnerability {unknown}
 x - 5 scrolls of magic mapping
 y - 4 scrolls of amnesia
 I - a scroll of noise {unknown}
 N - 2 scrolls of blinking
 R - 4 scrolls of enchant armour
 T - a scroll of immolation {unknown}
Potions
 a - 5 potions of curing
 i - a potion of agility
 m - 4 potions of magic
 A - a potion of invisibility
 D - 4 potions of flight
 F - 4 potions of might
 G - 2 potions of mutation
 H - 3 potions of resistance
 J - a potion of ambrosia {unknown}
 L - a potion of lignification {unknown}
 S - 2 potions of brilliance {unknown}
Comestibles
 f - 31 rations
 z - 4 chunks of flesh


   Skills:
 - Level 10.1 Fighting
   Level 1.0(6.3) Polearms
 - Level 10.0 Staves
 - Level 2.0 Throwing
 - Level 5.1 Armour
 - Level 6.0 Dodging
 - Level 4.1 Shields
 - Level 7.0 Spellcasting
 + Level 10.7 Conjurations
 - Level 12.2 Summonings
 - Level 6.0 Transmutations
 - Level 4.2 Ice Magic
 - Level 10.0 Air Magic


You had 4 spell levels left.
You knew the following spells:

 Your Spells              Type           Power        Failure   Level  Hunger
a - Airstrike             Air            ######....   1%          4    ###....
b - Summon Lightning Spi  Summ/Air       ######..     1%          4    ###....
c - Summon Ice Beast      Ice/Summ       #####...     3%          4    ###....
d - Sticks to Snakes      Tmut           #####...     1%          2    None
f - Swiftness             Chrm/Air       ####....     1%          2    None
g - Summon Butterflies    Summ           ######..     1%          1    None
h - Conjure Ball Lightni  Conj/Air       ######....   5%          6    ######.

Your spell library contained the following spells:

 Spells                   Type           Power        Failure   Level  Hunger
 Cause Fear               Hex            #.........   63%         4    ###....
 Apportation              Tloc           #.....       9%          1    None
 Lightning Bolt           Conj/Air       ######....   1%          5    #####..
 Bolt of Magma            Conj/Fire/Erth ####......   16%         5    #####..
 Slow                     Hex            #.......     13%         2    None
 Confuse                  Hex            #.......     26%         3    None
 Invisibility             Hex            #.......     100%        6    ######.
 Summon Small Mammal      Summ           ####         1%          1    None
 Call Imp                 Summ           ######..     1%          2    None
 Tukima's Dance           Hex            #.......     26%         3    None
 Iron Shot                Conj/Erth      ####......   34%         6    ######.
 Shock                    Conj/Air       ####         1%          1    None
 Spider Form              Tmut/Pois      ###.......   8%          3    None
 Blade Hands              Tmut           #####.....   21%         5    #####..
 Statue Form              Tmut/Erth      ###......    98%         6    ######.
 Ice Form                 Ice/Tmut       ####....     11%         4    ###....
 Deflect Missiles         Chrm/Air       ####......   86%         6    ######.
 Shadow Creatures         Summ           N/A          9%          6    ######.
 Call Canine Familiar     Summ           ######..     1%          3    None
 Ensorcelled Hibernation  Hex/Ice        ###...       5%          2    None
 Silence                  Hex/Air        ####......   30%         5    #####..
 Shatter                  Erth           #.........   100%        9    #######
 Static Discharge         Conj/Air       ######..     1%          3    None
 Corona                   Hex            #......      9%          1    None
 Alistair's Intoxication  Tmut/Pois      ###.....     56%         5    #####..
 Portal Projectile        Hex/Tloc       #.....       26%         3    None
 Tornado                  Air            ######....   100%        9    #######
 Leda's Liquefaction      Hex/Erth       #.........   63%         4    ###....
 Darkness                 Hex            #.........   100%        6    ######.
 Inner Flame              Hex/Fire       #.......     7%          3    None
 Beastly Appendage        Tmut           #####.       1%          1    None
 Dazzling Spray           Conj/Hex       ####..       1%          3    None
 Summon Guardian Golem    Hex/Summ       #####...     1%          3    None
 Lesser Beckoning         Tloc           #.........   26%         3    None
 Borgnjor's Vile Clutch   Necr/Erth      #.........   93%         5    #####..


Dungeon Overview and Level Annotations

Branches:
Dungeon (14/15)            Temple (0/1) D:4            Lair (6/6) D:8
 Shoals (0/4) Lair:3       Spider (0/4) Lair:2        Slime (0/5) Lair:5
    Orc (2/2) D:10            Elf (0/3) Orc:2        Vaults (0/5) D:13

Shops:
D:5 %   D:6 (*?}[   D:7 (

Annotations:
D:3 KirinDual's ghost, amateur FDNe
D:10 exclusion: downstairs
D:14 Louise


Message History

The orc high priest is severely wounded.
The orc high priest calls down the wrath of Beogh upon you.
You are unaffected.
The soul eater hits you but does no damage.
The soul eater misses you.
Unknown command.
You completely miss the orc high priest.
The orc high priest is severely wounded.
You block the orc high priest's attack. You block the soul eater's attack.
The soul eater hits you!
* * * LOW HITPOINT WARNING * * *
Unknown command.
Unknown command.
You hit the orc high priest.
The orc high priest looks as sick as possible!
The orc high priest is almost dead.
You block the soul eater's attack. x2; The orc high priest misses you.
The soul eater hits you but does no damage.
The soul eater hits you!
You die...

#........)..#
#......)..#.#
##......))..#
#........)..#
#........)).#
##........).#
##......))..####
#....)..3...)..#
##....)[@o##))##
#.#.....3....####
#.......)..[)..#.##
#..........)#.#...#
#..........#)#...##
##........)).)))##
#.......#...)...#
#............รท).##
#.............[.#


You could see 2 soul eaters and an orc high priest.

Vanquished Creatures
  An orc warlord (Orc:1)
  Nessos (D:14)
  A minotaur (Lab)
  Harold (D:12)
  A catoblepas (Lair:6)
  2 dancing weapons (D:13)
  A tengu warrior (D:13)
  6 two-headed ogres
  A death knight (D:11)
  3 death yaks
  A wretched star (Abyss:2)
  2 unseen horrors (Abyss:2)
  A spatial maelstrom (Abyss:2)
  2 orc knights
  5 orc sorcerers
  2 manticores (Lair:6)
  A cyclops (D:14)
  2 elephants (Lair:4)
  3 black mambas
  A smoke demon (Abyss:2)
  11 spiny frogs
  9 komodo dragons
  2 torpor snails
  2 rime drakes
  2 centaur skeletons
  An efreet (Abyss:2)
  A tengu conjurer (D:13)
  2 meliai (Lair:4)
  3 trolls
  A polar bear (Lair:6)
  4 blink frogs
  2 hippogriffs
  A dream sheep (Lair:3)
  A shadow (D:14)
  3 large abominations (Abyss:2)
  3 small abominations (Abyss:2)
  32 yaks
  2 basilisks
  A wyvern (D:8)
  A vampire (D:12)
  2 vampire mosquitoes (D:13)
  A hungry ghost (Abyss:2)
  A warg (Orc:2)
  A spatial vortex (Abyss:2)
  2 porcupines
  10 water moccasins
  A swamp drake (D:10)
  22 orc warriors
  A phantom (D:8)
  A meliai simulacrum (D:13)
  A black bear (Lair:5)
  2 ice beasts
  9 ogres
  6 centaurs
  5 wolves
  10 crocodiles
  A wyvern zombie (D:11)
  8 bullfrogs
  6 scorpions
  29 killer bees
  An electric eel (Lair:1)
  A howler monkey (D:11)
  7 wights
  2 crimson imps
  19 orc wizards
  14 orc priests
  2 hounds
  5 iguanas
  8 worker ants
  A big kobold zombie (Ossuary)
  A hound zombie (D:10)
  A hound skeleton (D:7)
  5 mummies (Ossuary)
  Robin (D:3)
  5 gnolls
  5 adders
  4 shadow imps
  An adder skeleton (D:6)
  2 adder zombies
  An ooze (D:5)
  3 worms
  A leopard gecko (D:8)
  67 orcs
  4 ball pythons
  5 bats
  3 giant cockroaches
  10 goblins
  6 hobgoblins
  16 jackals
  5 kobolds
  6 quokkas
  8 frilled lizards
  A hobgoblin zombie (Ossuary)
  A kobold zombie (Ossuary)
  A leopard gecko skeleton (D:4)
  An orc zombie (Ossuary)
  6 rats
471 creatures vanquished.

Vanquished Creatures (collateral kills)
  Rupert (Lair:4)
  An orc warlord (Orc:2)
  A slime creature (D:12)
  2 ettins (Orc:2)
  3 catoblepae
  6 hydras
  3 two-headed ogres
  3 death yaks
  A skeletal warrior (D:11)
  The ghost of gishou the Cruncher, a novice DgGl of (D:9)
  A wizard (Abyss:2)
  A lindwurm (Lair:4)
  An orc knight (Orc:2)
  A manticore (Lair:4)
  2 orc sorcerers
  3 cyclopes
  A centaur zombie (D:12)
  An elephant (Lair:4)
  A black mamba (Lair:6)
  A centaur skeleton (D:12)
  6 torpor snails (Lair:3)
  11 spiny frogs
  2 komodo dragons
  A rime drake (Lair:6)
  2 freezing wraiths (D:11)
  A queen bee (Lair:4)
  A meliai (Lair:4)
  A troll (D:10)
  2 polar bears
  2 blink frogs (Lair:2)
  2 dream sheep (Lair:3)
  3 hippogriffs
  6 wyverns (Lair:5)
  A wraith (D:11)
  42 yaks
  A vampire (D:10)
  2 basilisks
  A neqoxec (Abyss:2)
  Grum (D:11)
  Menkaure (D:5)
  3 large abominations (Abyss:2)
  2 wargs (Orc:2)
  4 water moccasins
  5 porcupines
  An ice beast (D:10)
  13 orc warriors
  3 sky beasts
  A phantom (D:4)
  5 ogres
  10 centaurs
  9 wolves
  5 crocodiles
  A big kobold (D:10)
  A gnoll sergeant (D:10)
  4 bullfrogs
  A water moccasin skeleton (D:4)
  12 wights
  8 killer bees
  An electric eel (Lair:4)
  3 howler monkeys
  A hound (D:4)
  2 jellies
  12 orc priests
  An iguana (D:7)
  4 worker ants
  A hell rat (Lair:4)
  12 orc wizards
  A big kobold zombie (Ossuary)
  A hound skeleton (D:11)
  3 mummies (Ossuary)
  5 gnolls
  A worker ant zombie (D:10)
  A howler monkey skeleton (D:7)
  3 adders
  A shadow imp (D:9)
  2 worms
  A leopard gecko (D:11)
  37 orcs
  A frilled lizard (D:3)
  2 gnoll zombies (Ossuary)
  3 goblins (D:3)
  A hobgoblin zombie (Ossuary)
  2 kobolds (D:10)
314 creatures vanquished.

Vanquished Creatures (others)
  An orc warrior (D:12)
  An orc (D:12)
  7 fungi
  11 plants
20 creatures vanquished.

Grand Total: 805 creatures vanquished

Notes
Turn   | Place    | Note
-------+----------+-------------------------------------------
     0 | D:1      | Degenerate the Demigod Wanderer began the quest for the Orb.
     0 | D:1      | Degenerate set off with: a scroll of teleportation, a +0 spear, a +0 robe, a ration
     0 | D:1      | Reached XP level 1. HP: 16/16 MP: 1/1
    78 | D:1      | Reached skill level 1 in Spellcasting
   233 | D:1      | Reached XP level 2. HP: 7/22 MP: 2/4
  1504 | D:2      | Reached XP level 3. HP: 25/27 MP: 7/7
  1563 | D:2      | Learned a level 3 spell: Call Canine Familiar
  1792 | D:2      | Found a hide-covered altar of Uskayaw.
  2452 | D:3      | Reached XP level 4. HP: 27/33 MP: 4/8
  2474 | D:3      | Found a stormy altar of Qazlal.
  2475 | D:3      | Noticed Robin
  2501 | D:3      | Killed Robin
  2501 | D:3      | Reached * piety under
  2579 | D:3      | Found a faded altar of an unknown god.
  2743 | D:3      | Reached skill level 6 in Summonings
  2790 | D:3      | Reached skill level 1 in Staves
  2832 | D:3      | HP: 1/33 [orc priest/divine providence (15)]
  3059 | D:3      | Reached XP level 5. HP: 30/38 MP: 9/9
  3108 | D:3      | Offered knowledge of Flame Tongue by Vehumet.
  3114 | D:3      | Learned a level 4 spell: Summon Lightning Spire
  3114 | D:3      | Noticed KirinDual's ghost (amateur FDNe)
  3523 | D:4      | Found a bloodstained altar of Trog.
  3524 | D:4      | Found a shimmering altar of Xom.
  3538 | D:4      | Found an ornate altar of the Wu Jian Council.
  3690 | D:4      | Noticed an ogre
  3693 | D:4      | Killed an ogre
  3728 | D:4      | Found a staircase to the Ecumenical Temple.
  4027 | D:4      | Noticed a phantom
  4030 | D:4      | Reached XP level 6. HP: 44/44 MP: 6/10
  4115 | D:4      | Found a blossoming altar of Fedhas.
  4319 | D:4      | Reached skill level 7 in Summonings
  4666 | D:5      | Entered Level 5 of the Dungeon
  4736 | D:5      | Noticed Menkaure
  4752 | D:5      | Killed Menkaure
  4843 | D:5      | Found Weseloixt's Food Emporium.
  4848 | D:5      | Bought a ration for 70 gold pieces
  4905 | D:5      | Reached XP level 7. HP: 51/51 MP: 6/11
  4909 | D:5      | Got a crude ring mail
  4936 | D:5      | Identified the +1 ring mail of Jigsaw {rN+ MR+ Str-4} (You found it on level 5 of the Dungeon)
  5064 | D:5      | Found a sparkling altar of Nemelex Xobeh.
  5243 | D:5      | Reached ** piety under
  5749 | D:6      | Found a sand-covered staircase.
  5785 | D:6      | Found Ugeepit's Antique Armour Shop.
  5805 | D:6      | Found Uraul's Magic Scroll Emporium.
  5813 | D:6      | Found Takhloa's Gadget Boutique.
  5878 | Ossuary  | Entered an ossuary
  6027 | Ossuary  | Offered knowledge of Throw Flame by Vehumet.
  6190 | D:6      | Reached skill level 5 in Staves
  6295 | D:6      | Reached skill level 1 in Air Magic
  6383 | D:6      | Found Loyreosym's Antique Weapon Boutique.
  6673 | D:6      | Found Ciuzoeh's General Store.
  6677 | D:6      | Bought a scroll of identify for 30 gold pieces
  6677 | D:6      | Bought a scroll of fear for 52 gold pieces
  7022 | D:7      | Reached XP level 8. HP: 60/60 MP: 12/12
  7107 | D:7      | Found a white marble altar of Elyvilon.
  7162 | D:7      | Found Jevollu's Antique Weapon Shop.
  7175 | D:7      | Bought a warped falchion for 224 gold pieces
  7175 | D:7      | Identified the +8 falchion "Fiadysan" {venom, rC+ rN+} (You bought it in a shop on level 7 of the Dungeon)
  7364 | D:7      | Found a burning altar of Makhleb.
  7367 | D:7      | Found a glowing silver altar of Zin.
  7367 | D:7      | Noticed an angel
  7368 | D:7      | Noticed a cacodemon
  8032 | D:6      | Found Loyreosym's Antique Weapon Boutique.
  8173 | D:6      | Found Takhloa's Gadget Boutique.
  8189 | D:6      | Found Uraul's Magic Scroll Emporium.
  8216 | D:6      | Found Ugeepit's Antique Armour Shop.
  8322 | D:6      | Found Ciuzoeh's General Store.
  8446 | D:6      | Bought a scroll of summoning for 123 gold pieces
  8582 | D:8      | Reached skill level 5 in Fighting
  8855 | D:8      | Found a stormy altar of Qazlal.
  8888 | D:8      | Found a sacrificial altar of Ru.
  9056 | D:8      | Reached skill level 1 in Dodging
  9127 | D:8      | Found a staircase to the Lair.
  9456 | D:8      | Reached skill level 5 in Air Magic
  9462 | D:8      | Learned a level 4 spell: Summon Ice Beast
  9733 | D:8      | Offered knowledge of Inner Flame by Vehumet.
  9967 | D:9      | Reached XP level 9. HP: 48/68 MP: 13/13
 10123 | D:9      | Noticed gishou's ghost (novice DgGl)
 10147 | D:9      | Killed gishou's ghost
 10312 | D:9      | Reached skill level 8 in Summonings
 10412 | D:9      | Reached *** piety under
 10412 | D:9      | Reached skill level 5 in Dodging
 11051 | D:10     | Entered Level 10 of the Dungeon
 11055 | D:10     | Reached skill level 1 in Ice Magic
 11071 | D:10     | Offered knowledge of Stone Arrow by Vehumet.
 11084 | D:10     | Reached skill level 9 in Summonings
 11542 | D:10     | Reached XP level 10. HP: 49/74 MP: 14/14
 11825 | D:10     | Reached **** piety under
 11903 | D:10     | Learned a level 2 spell: Sticks to Snakes
 11920 | D:10     | Reached skill level 1 in Transmutations
 11920 | D:10     | Noticed a two-headed ogre
 11924 | D:10     | Reached skill level 10 in Summonings
 11939 | D:10     | Killed a two-headed ogre
 12107 | D:10     | Offered knowledge of Yara's Violent Unravelling by Vehumet.
 12142 | D:10     | Noticed a two-headed ogre
 12162 | D:10     | Killed a two-headed ogre
 12220 | D:10     | Found a burning altar of Makhleb.
 12379 | D:10     | Found a staircase to the Orcish Mines.
 12971 | D:11     | Noticed a death knight
 12971 | D:11     | Noticed a skeletal warrior
 13172 | D:11     | Noticed a cyclops
 13185 | D:11     | Killed a cyclops
 13325 | D:11     | Noticed Grum
 13336 | D:11     | Killed Grum
 13336 | D:11     | Reached skill level 5 in Transmutations
 13362 | D:11     | Reached ***** piety under
 13544 | Lair:1   | Entered Level 1 of the Lair of Beasts
 13548 | Lair:1   | Reached skill level 5 in Spellcasting
 13885 | Lair:1   | Offered knowledge of Force Lance by Vehumet.
 13929 | Lair:1   | Reached XP level 11. HP: 53/80 MP: 18/18
 14622 | Lair:1   | Noticed a five-headed hydra
 14659 | Lair:1   | Killed a five-headed hydra
 15306 | Lair:2   | Noticed a five-headed hydra
 15321 | Lair:2   | Killed a five-headed hydra
 15364 | Lair:2   | Found a hole to the Spider Nest.
 16530 | Lair:2   | Noticed a five-headed hydra
 16538 | Lair:2   | Killed a five-headed hydra
 17622 | Lair:3   | Found a snail-covered altar of Cheibriados.
 17702 | Lair:3   | Reached XP level 12. HP: 84/94 MP: 10/19
 17838 | Lair:3   | Noticed a catoblepas
 17850 | Lair:3   | Killed a catoblepas
 17888 | Lair:3   | Found a staircase to the Shoals.
 18320 | Lair:4   | Found a stormy altar of Qazlal.
 19112 | Lair:4   | Noticed Rupert
 19139 | Lair:4   | Killed Rupert
 19483 | Lair:4   | Learned a level 4 spell: Airstrike
 19486 | Lair:4   | Learned a level 2 spell: Swiftness
 19583 | Lair:4   | Reached skill level 10 in Staves
 19830 | Lair:4   | Reached skill level 10 in Fighting
 20499 | Lair:4   | Reached skill level 1 in Shields
 21444 | Lair:4   | Noticed a death yak
 21472 | Lair:4   | Killed a death yak
 21884 | Lair:5   | Reached skill level 1 in Armour
 21884 | Lair:5   | Reached XP level 13. HP: 95/103 MP: 4/20
 22135 | Lair:5   | Found a viscous altar of Jiyva.
 22136 | Lair:5   | Found a staircase to the Slime Pits.
 22163 | Lair:5   | Offered knowledge of Iron Shot by Vehumet.
 23606 | Lair:6   | Entered Level 6 of the Lair of Beasts
 23918 | Lair:6   | Reached skill level 11 in Summonings
 24554 | Lair:6   | Reached skill level 5 in Armour
 26161 | Lair:6   | Reached skill level 12 in Summonings
 26246 | Lair:6   | Learned a level 1 spell: Summon Butterflies
 26751 | Lair:6   | Learned a level 6 spell: Conjure Ball Lightning
 27024 | D:6      | Bought a pair of spiked gloves for 313 gold pieces
 27029 | D:6      | Identified the +2 pair of gloves of Dinav {rPois} (You bought it in a shop on level 6 of the Dungeon)
 27357 | D:11     | Reached skill level 1 in Conjurations
 28124 | D:12     | Noticed Harold
 28473 | D:12     | Got an amethyst-encrusted leather armour
 28479 | D:12     | Identified the +1 leather armour of Enasch {*Contam rF+ rN++ Dex+3} (You found it on level 12 of the Dungeon)
 28598 | D:12     | Reached XP level 14. HP: 92/110 MP: 20/24
 28658 | D:12     | Found the +0 pair of fencer's gloves {+Riposte Dex+3}
 28908 | D:12     | Killed Harold
 29544 | D:13     | Found a labyrinth entrance.
 29552 | D:13     | Found a gate to the Vaults.
 29710 | Lab      | Entered a labyrinth
 30108 | Lab      | Got a smoking turquoise ring
 30112 | Lab      | Identified the ring "Eryin" {+Inv rPois EV+3 Int-5 SInv} (You found it in a labyrinth)
 30837 | D:13     | Found a gate to the Vaults.
 31251 | D:14     | Offered knowledge of Freezing Cloud by Vehumet.
 31263 | D:14     | Reached skill level 5 in Conjurations
 31533 | D:14     | Noticed a frost giant
 31600 | D:14     | Noticed Louise
 31600 | D:14     | Cast into level 2 of the Abyss (Louise)
 31716 | Abyss:2  | Reached skill level 10 in Air Magic
 31742 | Abyss:2  | Noticed a starcursed mass
 31825 | Abyss:2  | Noticed an angel
 32823 | Abyss:2  | Noticed a bone dragon
 32917 | Abyss:2  | Found a corrupted altar of Lugonu.
 33447 | D:14     | Escaped the Abyss
 33679 | D:14     | Noticed Nessos
 33696 | D:14     | Killed Nessos
 34183 | Orc:1    | Entered Level 1 of the Orcish Mines
 35198 | Orc:1    | Noticed an orc warlord
 35414 | Orc:1    | Killed an orc warlord
 35866 | Orc:2    | Entered Level 2 of the Orcish Mines
 35869 | Orc:2    | Found a staircase to the Elven Halls.
 36006 | Orc:2    | Reached skill level 10 in Conjurations
 36441 | Orc:2    | Offered knowledge of Venom Bolt by Vehumet.
 36732 | Orc:2    | Noticed an orc warlord
 36754 | Orc:2    | Killed an orc warlord
 37004 | Orc:2    | HP: 5/110 [soul eater[an orc high priest] (17)]
 37005 | Orc:2    | Slain by a soul eater

Skill      XL: |  1  2  3  4  5  6  7  8  9 10 11 12 13 14 |
---------------+-------------------------------------------+-----
Spellcasting   | 1 3 5 7 |  7.0
Summonings     | 6 7 9 10 12 | 12.2
Staves         | 1 2 4 5 8 10 | 10.0
Fighting       | 2 4 5 8 10 | 10.1
Air Magic      | 2 5 7 8 10 | 10.0
Dodging        | 3 6 |  6.0
Ice Magic      | 3 4 |  4.2
Transmutations | 5 6 |  6.0
Shields        | 4 |  4.1
Armour         | 1 5 |  5.1
Conjurations   | 2 10 | 10.7
Polearms       | |  1.0
Throwing       | |  2.0

Action                   |  1- 3 |  4- 6 |  7- 9 | 10-12 | 13-15 || total
-------------------------+-------+-------+-------+-------+-------++-------
Melee: Spear             |   145 |     4 |       |       |       ||   149
       Trident           |       |    28 |       |       |       ||    28
       Quarterstaff      |       |    32 |    81 |       |       ||   113
       Dagger            |       |    81 |    24 |       |       ||   105
       Falchion          |       |       |   140 |   411 |   618 ||  1169
 Fire: Hunting sling     |       |     2 |    24 |       |       ||    26
Throw: Tomahawk          |       |       |     5 |       |       ||     5
 Cast: Call Canine Famil |     3 |    13 |    19 |    42 |    10 ||    87
       Summon Lightning  |       |     3 |    14 |    26 |    40 ||    83
       Summon Ice Beast  |       |       |     2 |    54 |   104 ||   160
       Sticks to Snakes  |       |       |       |     9 |     3 ||    12
       Airstrike         |       |       |       |    13 |   264 ||   277
       Swiftness         |       |       |       |       |     2 ||     2
Invok: Trog's Hand       |       |       |       |     5 |     9 ||    14
Evoke: Wand              |       |       |    10 |     7 |     9 ||    26
  Use: Scroll            |       |     5 |     6 |     7 |    16 ||    34
       Potion            |       |       |       |     5 |    10 ||    15
 Stab: Sleeping          |     4 |       |       |       |       ||     4
       Distracted        |     1 |       |       |     7 |     5 ||    13
       Petrified         |       |       |       |     1 |       ||     1
  Eat: Chunk             |     5 |     8 |    30 |    39 |    69 ||   151
       Ration            |       |       |     2 |       |     8 ||    10
Armor: Robe              |    15 |    22 |    33 |       |       ||    70
       Leather armour    |       |       |    39 |   160 |   221 ||   420
Dodge: Dodged            |    56 |    70 |   142 |   316 |   433 ||  1017
Block: Buckler           |       |       |       |    55 |   269 ||   324
       Reflection        |       |       |       |       |     4 ||     4
       Rpst.: Falchion   |       |       |    32 |    81 |   119 ||   232
